 Dungeon Crawl Stone Soup version 0.26.1-2-gb8aa6d0cf2 (webtiles) character file.

Game seed: 10372339838778669248

17 nightchill the Digger (level 2, 16/16 HPs)
             Began as a Gargoyle Earth Elementalist on Feb 17, 2021.
             Got out of the dungeon alive.
             The game lasted 00:02:02 (1146 turns).

nightchill the Digger (Gargoyle Earth Elementalist) Turns: 1146, Time: 00:02:02

Health: 16/16      AC:  8    Str: 11    XL:     2   Next: 62%
Magic:  5/5        EV:  8    Int: 15    God:
Gold:   11         SH:  0    Dex: 10    Spells: 4/5 levels left

rFire    . . .     SeeInvis .   g - +0 short sword
rCold    . . .     Faith    .   (no shield)
rNeg     + . .     Spirit   .   a - +0 scale mail
rPois    ∞         Reflect  .   (no helmet)
rElec    +         Harm     .   (no cloak)
rCorr    .         Rampage  .   (no gloves)
Will     .....                  (no boots)
Stlth    ..........             (no amulet)
HPRegen  0.05/turn              (no ring)
MPRegen  0.09/turn              (no ring)

@: no status effects
A: negative energy resistance 1, electricity resistance, unbreathing,
petrification resistance, miasma immunity, AC +2
a: no special abilities


You escaped.
You visited 1 branch of the dungeon, and saw 1 of its levels.

You collected 11 gold pieces.

Inventory:

Hand Weapons
 e - a +0 dagger
 g - a +0 short sword (weapon)
Missiles
 b - 40 stones
Armour
 a - a +0 scale mail (worn)
 c - a +0 robe
Scrolls
 f - a scroll of magic mapping {unknown}
Potions
 d - a potion of invisibility {unknown}


   Skills:
 - Level 0.6 Fighting
 - Level 0.1 Armour
 + Level 1.5 Dodging
 + Level 2.1 Stealth
 - Level 1.0 Unarmed Combat
 + Level 2.1 Spellcasting
 + Level 0.7 Transmutations
 + Level 4.0 Earth Magic


You had 4 spell levels left.
You knew the following spells:

 Your Spells              Type           Power        Failure   Level
a - Sandblast             Erth           26%          26%         1

Your spell library contained the following spells:

 Spells                   Type           Power        Failure   Level
 Passwall                 Tmut/Erth      6%           61%         2
 Stone Arrow              Conj/Erth      14%          88%         3
 Petrify                  Tmut/Erth      8%           99%         4
 Lee's Rapid Deconstruct  Erth           6%           100%        5


Dungeon Overview and Level Annotations

Branches:
Dungeon (1/15)

Altars:


Innate Abilities, Weirdness & Mutations

You are resistant to torment.
Your stone body is resilient. (AC +2)
You are immune to poison.
You resist negative energy. (rN+)
You are resistant to electric shocks. (rElec)
You can survive without breathing.
You are immune to petrification.
You are immune to miasma.


Message History

The hobgoblin is almost dead.
The hobgoblin hits you.
You closely miss the hobgoblin.
The hobgoblin is severely wounded.
The hobgoblin hits you.
You barely miss the hobgoblin.
The hobgoblin is severely wounded.
The hobgoblin hits you.
You hit the hobgoblin.
You kill the hobgoblin!
Your Unarmed Combat skill increases to level 1!
You start resting.
HP restored.
You see here a rat skeleton.
There is an open door here.
There is an open door here.
There is an open door here.
There is a staircase leading out of the dungeon here.
Are you sure you want to leave the Dungeon?
This will make you lose the game!
You have escaped!

##'#########
#.........
#.........
#......... #
#......... +
#########.........
#
#.....#...........
#.....#.##########
+..@..'.#
#.....### #.....#
####### . .


There were no monsters in sight!

Vanquished Creatures
  2 dart slugs (D:1)
  2 giant cockroaches (D:1)
  A goblin (D:1)
  2 hobgoblins (D:1)
  A ball python (D:1)
  2 bats (D:1)
  3 kobolds (D:1)
  A rat (D:1)
14 creatures vanquished.

Notes
Turn   | Place    | Note
-------+----------+-------------------------------------------
     0 | D:1      | nightchill the Gargoyle Earth Elementalist began the quest
                  | for the Orb.
     0 | D:1      | Reached XP level 1. HP: 10/10 MP: 3/3
   442 | D:1      | Reached XP level 2. HP: 7/16 MP: 5/5
   861 | D:1      | Reached skill level 4 in Earth Magic
   989 | D:1      | Reached skill level 1 in Unarmed Combat
  1146 | D:$      | Got out of the dungeon alive.

Illustrated notes

Levels and vault maps discovered:
D:1:      minmay_arrival_checkered_box, layout_basic

Skill      XL: |  1  2 |
---------------+-------+-----
Earth Magic    | 4 |  4.0
Unarmed Combat | 1 |  1.0
Fighting       | |  0.6
Armour         | |  0.1
Dodging        | |  1.5
Stealth        | |  2.1
Spellcasting   | |  2.1
Transmutations | |  0.7

Action                   || total
-------------------------++-------
Melee: Unarmed           ||    57
       Dagger            ||    52
       Short sword       ||     8
Armor: Scale mail        ||    87
Dodge: Dodged            ||    58
